 Dungeon Crawl Stone Soup version 0.22-a0-848-ge9e22a0 (webtiles) character file.

1036 protoss039 the Cleaver (level 8, -3/73 HPs)
             Began as a Minotaur Fighter on July 26, 2018.
             Shot with an arrow by a centaur (7 damage)
             ... on level 5 of the Dungeon.
             The game lasted 00:10:46 (3519 turns).

protoss039 the Cleaver (Minotaur Fighter)           Turns: 3519, Time: 00:10:47

Health: -3/73      AC: 10    Str: 28    XL:     8   Next: 3%
Magic:  7/7        EV:  6    Int:  5    God:
Gold:   350        SH: 10    Dex: 10    Spells: 7/7 levels left

rFire    . . .     SeeInvis .   a - +0 war axe
rCold    . . .     Gourm    .   c - +0 shield
rNeg     . . .     Faith    .   y - +0 chain mail
rPois    .         Spirit   .   (helmet restricted)
rElec    .         Reflect  .   (no cloak)
rCorr    .         Harm     .   h - +0 pair of gloves
MR       .....                  (no boots)
Stlth    ..........             (no amulet)
HPRegen  0.22/turn              u - +5 ring of slaying
MPRegen  0.10/turn              (no ring)

@: mighty
A: retaliatory headbutt, horns 2
a: no special abilities


You were on level 5 of the Dungeon.
You were hungry.

You visited 1 branch of the dungeon, and saw 5 of its levels.
You also visited: Ossuary.

You collected 350 gold pieces.

Inventory:

Hand Weapons
 a - a +0 war axe (weapon)
Armour
 c - a +0 shield (worn)
 h - a +0 pair of gloves (worn)
 y - a +0 chain mail (worn)
Jewellery
 l - an uncursed ring of wizardry
 s - an uncursed ring of fire
 u - a +5 ring of slaying (left hand)
Scrolls
 g - 10 scrolls of identify
 i - 2 scrolls of magic mapping {unknown}
 j - 2 scrolls of immolation {unknown}
 k - a scroll of random uselessness {unknown}
 m - 3 scrolls of fog {unknown}
 o - 8 scrolls of remove curse {unknown}
 p - 4 scrolls of enchant weapon {unknown}
 v - 4 scrolls of teleportation {unknown}
 A - a scroll of amnesia {unknown}
Potions
 b - a potion of haste {unknown}
 d - a potion of might
 e - a potion of cancellation {unknown}
 n - 3 potions of lignification {unknown}
 q - a potion of degeneration {unknown}
 r - 2 potions of heal wounds {unknown}
 t - a potion of ambrosia {unknown}
 w - a potion of berserk rage {unknown}
 x - 2 potions of invisibility {unknown}
 z - a potion of agility {unknown}
 B - 2 potions of curing {unknown}
 C - a potion of mutation {unknown}
Comestibles
 f - 11 rations


   Skills:
 + Level 7.4 Fighting
 * Level 9.4 Axes
 - Level 3.6 Armour
 - Level 3.6 Shields


You had 7 spell levels left.
You didn't know any spells.
Your spell library was empty.

Dungeon Overview and Level Annotations

Branches:
Dungeon (5/15)
 Temple: D:4-7

Altars:
Dithmenos
Makhleb

Shops:
D:4 [

Annotations:
D:5 1 runed door, melvinkitnick's ghost, novice HOFi


Innate Abilities, Weirdness & Mutations

You reflexively headbutt those who attack you in melee.
You have a pair of horns on your head.


Message History

Unknown command.
Unknown command.
You slice the orc wizard!!
You kill the orc wizard!
You have reached level 8!
You feel agile.
You slash the orc priest! You hit the orc.
The centaur shoots an arrow.
The arrow hits you!
* * * LOW HITPOINT WARNING * * *
You block the orc's attack.
The orc priest hits you but does no damage.
Unknown command.
Unknown command.
You slash the orc priest!
You kill the orc priest!
You hit the orc.
You kill the orc!
The centaur shoots an arrow.
The arrow barely misses you.
The centaur shoots an arrow.
The arrow hits you!
You die...

##.# .c...
#.##.#..........
......#.##....###)....
....#.##..#.# ###.#.
#.....##.^#.# #.#.
#.#.#.##..#.# #.#.
##.#.........# #.#.
#..c).(####### #.##
#..#.#.# ### #...
#..)@..# ..# ####
......>)#.# #.# #
##.#.####.# ####.# # #
#.# #....# ##
..#.##.##.# ##.
###.......####.>
####.##.......
#.######### #.#######
#


You could see a centaur.

Vanquished Creatures
  A phantom (D:5)
  An ogre (D:4)
  2 centaurs
  2 vampire bats (D:5)
  A centaur zombie (D:5)
  A jelly (D:2)
  3 orc priests (D:5)
  A hound (D:4)
  2 orc wizards
  Terence (D:2)
  2 worker ants (D:4)
  A big kobold zombie (Ossuary)
  A hound skeleton (D:4)
  3 mummies (Ossuary)
  6 adders
  A gnoll (D:1)
  A shadow imp (D:5)
  4 oozes (D:1)
  5 adder zombies (Ossuary)
  3 worms
  4 dart slugs
  A leopard gecko (D:4)
  15 orcs
  12 bats
  9 giant cockroaches
  5 goblins
  11 hobgoblins
  3 jackals (D:1)
  4 quokkas
  A ball python (D:3)
  5 frilled lizards
  4 goblin zombies (Ossuary)
  A hobgoblin zombie (Ossuary)
  6 kobolds
  A kobold zombie (Ossuary)
  A quokka skeleton (D:5)
  4 quokka zombies (Ossuary)
  2 rats (D:1)
  2 rat zombies (Ossuary)
133 creatures vanquished.

Notes
Turn   | Place    | Note
-------+----------+-------------------------------------------
     0 | D:1      | protoss039 the Minotaur Fighter began the quest for the Orb.
     0 | D:1      | Reached XP level 1. HP: 19/19 MP: 0/0
     1 | D:1      | Found a runed door.
    14 | D:1      | Reached skill level 3 in Axes
    14 | D:1      | Reached XP level 2. HP: 18/27 MP: 1/1
    82 | D:1      | Reached XP level 3. HP: 25/33 MP: 2/2
   134 | D:1      | Reached skill level 4 in Axes
   329 | D:1      | Reached XP level 4. HP: 41/41 MP: 3/3
   645 | D:2      | Noticed Terence
   656 | D:2      | Killed Terence
   676 | D:2      | Reached skill level 5 in Axes
   708 | D:2      | Reached XP level 5. HP: 34/47 MP: 4/4
   719 | D:2      | Reached skill level 5 in Fighting
  1140 | D:2      | Found a burning altar of Makhleb.
  1140 | D:2      | Noticed a green death
  1387 | D:3      | Noticed a centaur
  1409 | D:3      | Killed a centaur
  1409 | D:3      | Reached skill level 6 in Axes
  1469 | D:3      | Reached XP level 6. HP: 56/56 MP: 5/5
  1704 | D:3      | Found a shadowy altar of Dithmenos.
  1873 | D:4      | Found Gicuho Gung's Antique Armour Shop.
  2224 | D:4      | Reached skill level 7 in Axes
  2697 | D:4      | Reached XP level 7. HP: 62/63 MP: 6/6
  2893 | D:5      | Entered Level 5 of the Dungeon
  2955 | D:5      | Reached skill level 8 in Axes
  2969 | D:5      | Found a sand-covered staircase.
  2975 | Ossuary  | Entered an ossuary
  3369 | D:5      | Reached skill level 9 in Axes
  3436 | D:5      | Found a runed door.
  3437 | D:5      | Noticed melvinkitnick's ghost (novice HOFi)
  3458 | D:5      | Found the +12 Vampire's Tooth {vamp}
  3518 | D:5      | Reached XP level 8. HP: 10/73 MP: 7/7
  3519 | D:5      | Shot with an arrow by a centaur

Vault maps used:
D:1:      dpeg_arrival_caged_fury, minmay_heptomino_w4
D:2:      makhleb_altar_promises_db, uniq_terence
D:3:      st_stairs_1, grunt_dithmenos_smoke_and_mirrors
D:4:      first_ration, serial_shops, shop_coins
D:5:      ebering_ghost_sewer_d, enter_ossuary_5,
          minmay_guarded_unrand_vampires_tooth
Ossuary:  ossuary_minmay_chase

Skill      XL: |  1  2  3  4  5  6  7 |
---------------+----------------------+-----
Axes           | 3 4 5 6 7 9 |  9.4
Fighting       | 4 5 6 7 |  7.4
Armour         | |  3.6
Shields        | |  3.6

Action                   |  1- 3 |  4- 6 |  7- 9 || total
-------------------------+-------+-------+-------++-------
Melee: War axe           |    60 |   110 |    77 ||   247
       Headbutt          |    12 |    20 |    12 ||    44
  Use: Potion            |     1 |       |     1 ||     2
       Scroll            |     1 |     2 |       ||     3
  Eat: Chunk             |       |     6 |     2 ||     8
Armor: Scale mail        |    26 |    24 |       ||    50
       Chain mail        |       |    18 |    33 ||    51
Dodge: Dodged            |    23 |    25 |    20 ||    68
Block: Shield            |    42 |    48 |    43 ||   133

Table legend:
 A = Spawn XP
 B = Non-spawn XP
 C = Spawn XP percentage of total XP
 D = Spawn monster count
 E = Non-spawn monster count
 F = Spawn count percentage of total count
 G = Total turns spent on level
                    A         B        C        D         E        F      G
               +---------+---------+-------+---------+---------+-------+---------
         Total |       0 |    1480 |   0.0 |       0 |     133 |   0.0 |  3519
               +---------+---------+-------+---------+---------+-------+---------
           D:1 |       0 |     100 |   0.0 |       0 |      34 |   0.0 |   641
           D:2 |       0 |     120 |   0.0 |       0 |      14 |   0.0 |   742
           D:3 |       0 |     217 |   0.0 |       0 |      18 |   0.0 |   447
           D:4 |       0 |     318 |   0.0 |       0 |      21 |   0.0 |  1063
           D:5 |       0 |     605 |   0.0 |       0 |      25 |   0.0 |   491
       Ossuary |       0 |     120 |   0.0 |       0 |      21 |   0.0 |   135
               +---------+---------+-------+---------+---------+-------+---------
